 Dungeon Crawl Stone Soup version 0.28-a0-1506-g3893175d92 (webtiles) character file.

Game seed: 11286871176719792510

116 a3don the Skirmisher (level 4, -1/58 (61) HPs)
             Began as a Minotaur Berserker on Jan 13, 2022.
             Was a Believer of Trog.
             Slain by a wight (6 damage)
             ... on level 6 of the Dungeon.
             The game lasted 00:03:23 (3574 turns).

a3don the Skirmisher (Minotaur Berserker)           Turns: 3574, Time: 00:03:23

HP:   -1/58 (61)    AC: 12    Str: 24    XL:     4   Next: 70%
MP:   3/3           EV:  7    Int:  4    God:    Trog [**....]
Gold: 98            SH:  0    Dex:  9    Spells: 3/3 levels left

rFire   . . .      SeeInvis .   a - +0 hand axe
rCold   . . .      Faith    .   (no shield)
rNeg    . . .      Spirit   .   p - +0 plate armour
rPois   .          Reflect  .   (helmet restricted)
rElec   .          Harm     .   (no cloak)
rCorr   .          Rampage  .   e - +0 pair of gloves
Will    .....                   (no boots)
Stlth   ..........              (no amulet)
HPRegen 0.19/turn               (no ring)
MPRegen 0.08/turn               (no ring)

@: berserking, lightly drained, very quick
A: horns 2, retaliatory headbutt
a: Renounce Religion, Berserk, Trog's Hand


You were on level 6 of the Dungeon.
You worshipped Trog.
Trog was pleased with you.
You visited 1 branch of the dungeon, and saw 4 of its levels.

You collected 98 gold pieces.

Inventory:

Hand Weapons
 a - a +0 hand axe (weapon)
 n - a +0 short sword of electrocution
Missiles
 o - 49 stones (quivered)
Armour
 b - a +0 animal skin
 c - a +0 chain mail
 e - a +0 pair of gloves (worn)
 m - a +2 robe of positive energy
 p - a +0 plate armour (worn)
Scrolls
 d - 3 scrolls of identify {unknown}
 g - a scroll of fear {unknown}
 h - 2 scrolls of teleportation {unknown}
 i - a scroll of enchant armour {unknown}
 l - a scroll of noise {unknown}
Potions
 f - 3 potions of degeneration {unknown}
 j - a potion of curing {unknown}
 k - a potion of lignification {unknown}


   Skills:
 + Level 4.5 Fighting
 + Level 4.5 Axes
 + Level 3.6 Armour
 + Level 3.2 Dodging


You had 3 spell levels left.
You didn't know any spells.
Your spell library was empty.

Dungeon Overview and Level Annotations

Branches:
Dungeon (3/15)

Altars:

Annotations:
D:3 1 runed translucent door, a3don's ghost, amateur DjWz


Innate Abilities, Weirdness & Mutations

You have a pair of horns on your head.
You reflexively headbutt those who attack you in melee.


Message History

Found 2 curare-tipped darts.
You hit the wight but do no damage. Your headbutt misses the wight.
The wight hits you with a +2 flail of freezing.
You feel drained. The wight freezes you.
You hit the wight.
The wight is lightly damaged.
The wight hits you with a +2 flail of freezing.
The wight freezes you.
You closely miss the wight.
The wight is lightly damaged.
The wight hits you with a +2 flail of freezing!
The wight freezes you.
You barely miss the wight. You punch the wight, but do no damage.
The wight is lightly damaged.
The wight hits you with a +2 flail of freezing.
* * * LOW HITPOINT WARNING * * *
The wight freezes you.
* * * LOW HITPOINT WARNING * * *
You hit the wight but do no damage.
The wight is lightly damaged.
The wight closely misses you.
A red film seems to cover your vision as you go berserk!
You feel yourself moving faster!
You feel mighty!
The wight hits you with a +2 flail of freezing.
* * * LOW HITPOINT WARNING * * *
The wight freezes you.
* * * LOW HITPOINT WARNING * * *
You hit the wight.
The wight is lightly damaged.
The wight hits you but does no damage.
You closely miss the wight.
The wight is lightly damaged.
The wight hits you with a +2 flail of freezing.
* * * LOW HITPOINT WARNING * * *
You feel drained. The wight freezes you.
* * * LOW HITPOINT WARNING * * *
You slash the wight!
The wight is almost destroyed.
The wight hits you with a +2 flail of freezing.
You die...

..#.........##
............#
...........#
..........#
#.(.......#
#..........
#.z.....#
#@....#
#######


You could see a wight.

Vanquished Creatures
  Jessica (D:2)
  A worm (D:2)
  A dart slug (D:3)
  5 orcs (D:3)
  6 bats
  10 endoplasms
  3 giant cockroaches
  9 hobgoblins
  6 jackals
  3 quokkas (D:1)
  2 ball pythons
  5 frilled lizards
  6 goblins
  8 kobolds
  5 rats
71 creatures vanquished.

Vanquished Creatures (others)
  A demonic plant (D:3)
  7 plants (D:2)
8 creatures vanquished.

Grand Total: 79 creatures vanquished

Notes
Turn   | Place    | Note
-------+----------+-------------------------------------------
     0 | D:1      | a3don the Minotaur Berserker began the quest for the Orb.
     0 | D:1      | Reached XP level 1. HP: 19/19 MP: 0/0
   393 | D:1      | Reached XP level 2. HP: 27/27 MP: 1/1
  1059 | D:1      | Reached XP level 3. HP: 33/33 MP: 2/2
  1599 | D:2      | Reached ** piety under Trog
  2243 | D:2      | Noticed Jessica
  2257 | D:2      | Killed Jessica
  2258 | D:2      | Reached XP level 4. HP: 30/41 MP: 3/3
  3168 | D:3      | Found a runed translucent door.
  3174 | D:3      | Noticed a3don's ghost (amateur DjWz)
  3510 | D:3      | Found a faded altar of an unknown god.
  3510 | D:3      | Noticed an Ice Fiend
  3560 | D:3      | You fall into a shaft and drop 3 floors!
  3574 | D:6      | Slain by a wight

Illustrated notes

Levels and vault maps discovered:
D:1:      onia_arrival_mini_spirals, layout_basic, kennysheep_crisscross,
          minmay_close_crescents
D:2:      layout_basic, nicolae_concentric_dashed_squares_mild,
          lexackson_kobold_supper, uniq_jessica
D:3:      layout_loops_corners, dreamdust_ecumenical_altar_sealed_demon,
          ebering_ghost_reflecting_pool
D:6:      layout_rooms

Skill      XL: |  1  2  3 |
---------------+----------+-----
Fighting       | 4 |  4.5
Axes           | 4 |  4.5
Armour         | 3 |  3.6
Dodging        | 3 |  3.2

Action                   |  1- 3 |  4- 6 || total
-------------------------+-------+-------++-------
Melee: Hand axe          |   102 |    55 ||   157
       Headbutt          |    12 |     6 ||    18
       Punch             |       |     2 ||     2
Invok: Berserk           |     1 |     1 ||     2
Armor: Chain mail        |    50 |       ||    50
       Animal skin       |     1 |       ||     1
       Plate armour      |     7 |    34 ||    41
Dodge: Dodged            |    37 |    13 ||    50

Table legend: (Time is in decaauts)
 A = Elapsed time spent in this place.
 B = Non-inter-level travel time spent in this place.
 C = Inter-level travel time spent in this place.
 D = Time resting spent in this place.
 E = Time spent auto-exploring this place.
 F = Levels seen in this place.
 G = Mean time per level.
                   A        B        C        D        E       F      G
               +--------+--------+--------+--------+--------+-----+--------+
         Total |   3595 |   3503 |     92 |    490 |   2510 |   4 |  898.8 |
       Dungeon |   3595 |   3503 |     92 |    490 |   2510 |   4 |  898.8 |
               +--------+--------+--------+--------+--------+-----+--------+

Top non-repeatable levels by time:
     D:2: 1548 daAuts
     D:1: 1446 daAuts
     D:3: 586 daAuts
     D:6: 13 daAuts
